 Dungeon Crawl Stone Soup version 0.29-a0-284-gf9362112df (webtiles) character file.

Game seed: 3864061482057959581

25466 Rohain the Fighter (level 13, -2/115 HPs)
             Began as a Djinni Fire Elementalist on Mar 30, 2022.
             Was a Priest of Ashenzari.
             Slain by a dire elephant (33 damage)
             ... on level 2 of the Lair of Beasts.
             The game lasted 00:45:16 (19751 turns).

Rohain the Fighter (Djinni Fire Elementalist)      Turns: 19751, Time: 00:45:17

Health: -2/115     AC:  7    Str:  7    XL:     13   Next: 50%
Gold:   950        EV: 18    Int: 22    God:    Ashenzari [***...] SH:  0 Dex: 20

rFire   + + .      SeeInvis +   e - +2 dagger (freeze)
rCold   x . .      Faith    .   (no shield)
rNeg    . . .      Spirit   .   B - +1 robe "Sybil of the Firmament" {Archmagi, Self, Fort} (curse)
rPois   ∞          Reflect  .   z - +0 helmet of Ashenzari's Oblivion {Range, Self} (curse)
rElec   .          Harm     .   c - +2 cloak of the Lashed Burden {Stlth+, Fort, Self} (curse)
rCorr   .          Rampage  .   (no gloves)
Will    +....      Archmagi +   (boots unavailable)
Stlth   +++....... Clarity  +   t - amulet of the acrobat
HPRegen 0.29/turn               d - ring of Supernal Gnosis {EV+4, Self, Evo} (curse)
MPRegen 0.00/turn               u - ring "Regret of Ashenzari" {Dex+6, Self, Cun} (curse)

@: flying
A: sickness immunity, fire resistance 2, cold vulnerability 1, float, innate
caster, HP casting, extra vitality 1
a: Renounce Religion, Curse Item, Shatter the Chains


You were on level 2 of the Lair of Beasts.
You worshipped Ashenzari.
Ashenzari was most pleased with you.
You visited 2 branches of the dungeon, and saw 15 of its levels.
You visited 1 bazaar.

You collected 950 gold pieces.

Inventory:

Hand Weapons
 e - a +2 dagger of freezing (weapon)
Missiles
 A - a throwing net
Armour
 a - a +1 robe
 c - the cursed +2 cloak of the Lashed Burden (worn) {Stlth+, Fort, Self}
   (You took it off Crazy Yiuf on level 2 of the Dungeon)

   It has a curse which improves the following skills: Fortitude: Armour and
   Shields.
   Introspection: Fighting and Spellcasting.
 j - a +0 robe of cold resistance
 r - a +2 robe of willpower
 z - the cursed +0 helmet of Ashenzari's Oblivion (worn) {Range, Self}
   (You found it on level 7 of the Dungeon)

   It has a curse which improves the following skills: Ranged Combat: Slings,
   Bows, Crossbows and Throwing.
   Introspection: Fighting and Spellcasting.
 B - the cursed +1 robe "Sybil of the Firmament" (worn) {Archmagi, Self, Fort}
   (You took it off an orc wizard on level 7 of the Dungeon)

   It has a curse which improves the following skills: Introspection: Fighting
   and Spellcasting.
   Fortitude: Armour and Shields.
 D - a +0 troll leather armour
 G - a +2 hat
Jewellery
 d - the cursed ring of Supernal Gnosis (left hand) {EV+4, Self, Evo}
   (You found it on level 1 of the Dungeon)

   [ring of evasion]

   EV:        It affects your evasion (+4).
   It has a curse which improves the following skills: Introspection: Fighting
   and Spellcasting.
   Evocations: Evocations.
 i - a ring of protection from fire
 t - an amulet of the acrobat (around neck)
 u - the cursed ring "Regret of Ashenzari" (right hand) {Dex+6, Self, Cun}
   (You found it on level 5 of the Dungeon)

   [ring of dexterity]

   Dex:       It affects your dexterity (+6).
   It has a curse which improves the following skills: Introspection: Fighting
   and Spellcasting.
   Cunning:   Dodging and Stealth.
 x - an amulet of reflection
 C - a ring of resist corrosion
 P - a ring of willpower
Wands
 n - a wand of acid (26)
 q - a wand of iceblast (21)
 w - a wand of flame (9)
Scrolls
 f - 4 scrolls of teleportation
 k - 3 scrolls of silence
 l - 10 scrolls of identify
 p - a scroll of noise
 y - 2 scrolls of enchant weapon
 F - 3 scrolls of enchant armour
 H - 3 scrolls of fear
 I - 4 scrolls of fog
 L - a scroll of blinking
 O - a scroll of magic mapping
Potions
 b - 5 potions of ambrosia
 g - 4 potions of mutation
 h - 3 potions of lignification
 m - 6 potions of curing
 o - 4 potions of might
 s - 2 potions of resistance
 v - 3 potions of berserk rage
 E - a potion of haste
 J - a potion of cancellation
 K - 2 potions of invisibility
 M - 2 potions of heal wounds
 N - 2 potions of brilliance


   Skills:
 + Level 14.3(18.9) Fighting
 - Level 2.1(3.4) Dodging
 - Level 1.5(2.7) Stealth
 + Level 13.1(17.7) Spellcasting


You had 16 spell levels left.
You knew the following spells:

 Your Spells              Type           Power      Damage    Failure   Level
a - Foxfire               Conj/Fire      100%       2x1d9     0%          1
b - Scorch                Fire           100%       2d10      0%          2
c - Conjure Flame         Conj/Fire      98%        6-21      0%          3
d - Inner Flame           Hex/Fire       98%        N/A       0%          3
e - Flame Wave            Conj/Fire      98%        2d16      1%          4
f - Slow                  Hex            100%       N/A       0%          1
g - Call Imp              Summ           98%        N/A       0%          2
h - Mephitic Cloud        Conj/Pois/Air  98%        N/A       0%          3
i - Vampiric Draining     Necr           98%        2d13      0%          3
j - Fulminant Prism       Conj/Hex       49%        3d21      1%          4
k - Yara's Violent Unrav  Hex/Tmut       49%        3d19      1%          5
Your spell library was empty.

Dungeon Overview and Level Annotations

Branches:
Dungeon (13/15)            Temple (0/1) D:6            Lair (2/6) D:10
    Orc (0/2) D:10
  Swamp: Lair:2-4    Shoals: Lair:2-4     Snake: Lair:2-4    Spider: Lair:2-4
 Vaults: D:13-14

Altars:
Ashenzari
Cheibriados
Gozag
Hepliaklqana
Kikubaaqudgha
Okawaru
Uskayaw
Lugonu

Portals:
Abyss: Lair:1


Innate Abilities, Weirdness & Mutations

You are immune to sickness and miasma.
You are immune to poison.
Your flesh is very heat resistant. (rF++)
You are vulnerable to cold. (rC-)
You float through the air rather than walking.
You learn spells naturally, not from books.
Your magical power is your life essence.
You have superior vitality. (+4 MHP)


Message History

You hold your ground!
The dire elephant barely misses you.
Casting: Vampiric Draining (safe; 0% risk of failure)
Confirm with . or Enter, or press ? or * to list all spells.
Aiming: Vampiric Draining (safe; 0% risk of failure)
Press: ? - help, Shift-Dir - straight line, f/p - dire elephant
Aim: a dire elephant (heavily wounded, more vulnerable to fire, ally target)
You feel a surge of power!
You draw life force from the dire elephant!
You feel life coursing into your body. The dire elephant barely misses you.
The dire elephant trunk-slaps you!
Casting: Vampiric Draining (safe; 0% risk of failure)
Confirm with . or Enter, or press ? or * to list all spells.
Aiming: Vampiric Draining (safe; 0% risk of failure)
Press: ? - help, Shift-Dir - straight line, f/p - dire elephant
Aim: a dire elephant (heavily wounded, more vulnerable to fire, ally target)
You feel a surge of power!
You draw life force from the dire elephant!
You feel life coursing into your body! The dire elephant tramples you!!
You are shoved backwards!
Casting: Vampiric Draining (safe; 0% risk of failure)
Confirm with . or Enter, or press ? or * to list all spells.
Aiming: Vampiric Draining (safe; 0% risk of failure)
Press: ? - help, Shift-Dir - straight line, f/p - dire elephant
Aim: a dire elephant (severely wounded, more vulnerable to fire, ally target)
You feel a surge of power!
You draw life force from the dire elephant!
You feel life coursing into your body! The dire elephant tramples you!!
* * * LOW HITPOINT WARNING * * *
You are shoved backwards!
Casting: Vampiric Draining (safe; 0% risk of failure)
Confirm with . or Enter, or press ? or * to list all spells.
Aiming: Vampiric Draining (safe; 0% risk of failure)
Press: ? - help, Shift-Dir - straight line, f/p - dire elephant
Aim: a dire elephant (almost dead, more vulnerable to fire, ally target)
You feel a surge of power!
You draw life force from the dire elephant!
You feel life coursing into your body.
* * * LOW HITPOINT WARNING * * *
The dire elephant tramples you!!
You die...

, , ##.......## { ,,,
#.......# * , ≈ , ,*
#####....#.# ≈, {, {
###......##○### * {,
#.............#
###*#######..........○###
###.###.##...#..........#
.+..............§5......##
...........##...@Y.......#
.#........####..)..)....##
##.........# ####...#####
#.........## #....#.#
#.........## ####..##
###+#..##..## ####..#.#
###.....###.###...#.#.##
#....P..######.........##
#.........## #..........#


You could see a dire elephant (combustible, ally target) and a friendly crimson
imp (summoned, inner flame).

Vanquished Creatures
  Fannar (Lair:2)
  2 centaur warriors (D:13)
  2 hydras
  5 two-headed ogres
  Urug (D:12)
  3 death yaks (D:10)
  3 manticores
  A cyclops (D:12)
  An elephant (Lair:2)
  A black mamba (Lair:2)
  3 cane toads
  A gargoyle (D:12)
  3 komodo dragons (Lair:1)
  5 trolls
  5 slime creatures
  Sigmund (D:3)
  A shadow (D:9)
  3 wyverns
  18 yaks
  2 vampire mosquitoes (D:12)
  2 basilisks (Lair:2)
  An acid dragon (D:12)
  11 water moccasins
  A black bear (Lair:2)
  2 sky beasts (D:7)
  3 orc warriors
  An ice beast (D:7)
  3 ogres
  4 wolves (Lair:2)
  3 centaurs
  5 kobold brigands
  2 phantoms
  11 bullfrogs
  A necrophage (D:5)
  5 scorpions
  11 wights
  9 killer bees
  9 orc priests
  Crazy Yiuf (D:2)
  4 hounds (D:7)
  A hell rat (D:10)
  An iguana (D:6)
  11 orc wizards
  A mummy (D:4)
  Robin (D:3)
  10 gnolls
  10 adders
  2 shadow imps
  3 ufetubi
  A worm (D:3)
  2 dart slugs
  41 orcs
  9 ball pythons
  7 endoplasms
  A giant cockroach (D:2)
  12 goblins
  5 hobgoblins
  4 jackals (D:3)
  40 kobolds
  6 quokkas
  5 bats
  2 frilled lizards
  8 rats
  A bush (D:2)
  2 foxfires (D:10)
  A fulminant prism (D:12)
  A lurking horror (Lair:1)
339 creatures vanquished.

Vanquished Creatures (collateral kills)
  Erolcha (D:12)
  An orc warrior (D:8)
  An ogre (D:5)
  2 gnolls (D:7)
  An adder (D:3)
  2 orcs (D:7)
  5 goblins (D:3)
  A hobgoblin (D:3)
  5 foxfires
19 creatures vanquished.

Vanquished Creatures (others)
  A shadow (D:11)
  840 foxfires
  9 fulminant prisms
  14 fungi
  A lurking horror (Lair:1)
  47 plants
912 creatures vanquished.

Grand Total: 1270 creatures vanquished

Notes
Turn   | Place    | Note
-------+----------+-------------------------------------------
     0 | D:1      | Rohain the Djinni Fire Elementalist began the quest for the
                  | Orb.
     0 | D:1      | Reached XP level 1. HP: 15/15 MP: 0/0
   310 | D:1      | Reached XP level 2. HP: 17/21 MP: 0/0
   953 | D:1      | Reached XP level 3. HP: 21/25 MP: 0/0
   953 | D:1      | Learned a level 1 spell: Slow
  1962 | D:2      | Reached XP level 4. HP: 26/31 MP: 0/0
  2484 | D:2      | Found a runed translucent door.
  2485 | D:2      | Noticed Crazy Yiuf
  2513 | D:2      | Killed Crazy Yiuf
  2514 | D:2      | Reached XP level 5. HP: 6/35 MP: 0/0
  2514 | D:2      | Learned a level 2 spell: Call Imp
  2849 | D:3      | Noticed Sigmund
  2865 | D:3      | Killed Sigmund
  2866 | D:3      | Reached skill level 5 in Spellcasting
  2866 | D:3      | Reached XP level 6. HP: 30/40 MP: 0/0
  3137 | D:3      | Noticed Robin
  3144 | D:3      | Killed Robin
  3403 | D:3      | Noticed a water moccasin
  3408 | D:3      | Killed a water moccasin
  3409 | D:3      | Reached XP level 7. HP: 38/45 MP: 0/0
  3409 | D:3      | Learned a level 3 spell: Mephitic Cloud
  4321 | D:3      | Found a broken altar of Ashenzari.
  4463 | D:3      | Became a worshipper of Ashenzari the Shackled
  4875 | D:4      | Found a hazy altar of Hepliaklqana.
  5678 | D:4      | Found a snail-covered altar of Cheibriados.
  5683 | D:4      | Reached XP level 8. HP: 48/50 MP: 0/0
  5992 | D:5      | Entered Level 5 of the Dungeon
  6020 | D:5      | Reached skill level 1 in Fighting
  6239 | D:5      | Reached skill level 2 in Fighting
  6798 | D:5      | Reached skill level 3 in Fighting
  7714 | D:6      | Reached skill level 4 in Fighting
  7748 | D:6      | Reached XP level 9. HP: 51/63 MP: 0/0
  7748 | D:6      | Learned a level 3 spell: Vampiric Draining
  8121 | D:6      | Found a staircase to the Ecumenical Temple.
  8204 | D:6      | Reached skill level 5 in Fighting
  8503 | D:6      | Reached * piety under Ashenzari
  8799 | D:7      | Reached skill level 6 in Fighting
  9266 | D:7      | Reached skill level 7 in Fighting
  9266 | D:7      | Reached XP level 10. HP: 71/77 MP: 0/0
  9731 | D:7      | Reached ** piety under Ashenzari
  9926 | D:8      | Reached skill level 8 in Fighting
 10779 | D:8      | Found a hide-covered altar of Uskayaw.
 11577 | D:9      | Found an opulent altar of Gozag.
 11751 | D:9      | Reached skill level 9 in Fighting
 11828 | D:9      | Reached *** piety under Ashenzari
 12254 | D:10     | Entered Level 10 of the Dungeon
 12254 | D:10     | Found an iron altar of Okawaru.
 12295 | D:10     | Reached skill level 10 in Spellcasting
 12295 | D:10     | Reached XP level 11. HP: 65/92 MP: 0/0
 12295 | D:10     | Learned a level 4 spell: Fulminant Prism
 12696 | D:10     | Noticed a two-headed ogre
 12724 | D:10     | Killed a two-headed ogre
 12725 | D:10     | Reached skill level 10 in Fighting
 12836 | D:10     | Noticed a death yak
 12844 | D:10     | Noticed a death yak
 12853 | D:10     | Noticed a death yak
 12863 | D:10     | Killed a death yak
 13345 | D:10     | Killed a death yak
 13578 | D:10     | Killed a death yak
 13617 | D:10     | Found a staircase to the Lair.
 13669 | D:10     | Found a staircase to the Orcish Mines.
 14242 | D:11     | Reached skill level 11 in Fighting
 14638 | D:11     | Noticed a two-headed ogre
 14649 | D:11     | Killed a two-headed ogre
 14650 | D:11     | Noticed a manticore
 14661 | D:11     | Killed a manticore
 15012 | D:12     | Reached XP level 12. HP: 98/103 MP: 0/0
 15047 | D:12     | Noticed Erolcha
 15054 | D:12     | Killed Erolcha
 15099 | D:12     | Noticed a seven-headed hydra
 15103 | D:12     | Killed a seven-headed hydra
 15213 | D:12     | Noticed Urug
 15233 | D:12     | Killed Urug
 15234 | D:12     | Reached skill level 12 in Fighting
 16458 | D:12     | Noticed a two-headed ogre
 16467 | D:12     | Killed a two-headed ogre
 16472 | D:12     | Noticed a two-headed ogre
 16478 | D:12     | Killed a two-headed ogre
 16508 | D:12     | Noticed a two-headed ogre
 16517 | D:12     | Killed a two-headed ogre
 16750 | D:13     | Noticed a five-headed hydra
 16755 | D:13     | Noticed a centaur warrior
 16757 | D:13     | Noticed a centaur warrior
 16759 | D:13     | Killed a five-headed hydra
 16760 | D:13     | Reached skill level 13 in Fighting
 16769 | D:13     | Killed a centaur warrior
 16770 | D:13     | Killed a centaur warrior
 16771 | D:13     | Reached XP level 13. HP: 26/113 MP: 0/0
 16771 | D:13     | Learned a level 5 spell: Yara's Violent Unravelling
 16772 | D:13     | Found a flickering gateway to a bazaar.
 16781 | Bazaar   | Entered a bazaar
 16781 | Bazaar   | Found Harhie's Armour Emporium.
 16781 | Bazaar   | Found Sualaq's Book Emporium.
 17082 | Bazaar   | Found Jeuheklug's Armour Shoppe.
 17082 | Bazaar   | Found Bashosinen's General Store.
 17179 | Lair:1   | Entered Level 1 of the Lair of Beasts
 17823 | Lair:1   | Found a corrupted altar of Lugonu.
 17824 | Lair:1   | Found a one-way gate to the infinite horrors of the Abyss.
 18604 | Lair:2   | Reached skill level 14 in Fighting
 18702 | Lair:2   | Noticed a dire elephant
 18704 | Lair:2   | Noticed Fannar
 19739 | Lair:2   | Killed Fannar
 19751 | Lair:2   | Slain by a dire elephant

Illustrated notes

Levels and vault maps discovered:
D:1:      enne_arrival_octagon_isle, layout_loops_ring, serial_glass,
          glass_columns_c, glass_columns_c, glass_columns_b, glass_columns_b,
          glass_columns_c, glass_columns_c, glass_columns_c, glass_columns_b,
          glass_columns_c, glass_columns_c, glass_columns_a, glass_columns_a,
          glass_columns_b, glass_columns_a
D:2:      layout_basic, minmay_octomino_e4, uniq_crazy_yiuf_cottage
D:3:      minmay_door_path, layout_loops_ring, mainiacjoe_overflow_alcove_4,
          uniq_sigmund, uniq_robin
D:4:      kennysheep_kobold_camp, layout_gridville,
          worldfamousw_hep_ancestral_shrine, slow_altar_2
D:5:      layout_basic, lemuel_flamethrower_1
D:6:      layout_loops_ring, minmay_temple_entry_fiery
D:7:      layout_rooms, grunt_tough_drop
D:8:      layout_basic, old_standard_altar, serial_curves, eino_curves_04,
          eino_curves_02, eino_curves_03
D:9:      layout_loops_ring, lemuel_tele_altar
D:10:     layout_irregular_city, mainiacjoe_overflow_six_doors_small,
          overflow_temple_1_default, dpeg_lair_monsters, orc_0_dummy,
          serial_rivers, chequers_serial_rivers_micro_c,
          chequers_serial_rivers_micro_a, chequers_serial_rivers_small_3,
          chequers_serial_rivers_small_3
D:11:     layout_small_grid
D:12:     layout_basic, uniq_urug, uniq_erolcha
D:13:     layout_rooms, serial_shops, bzr_entry_lakeside, uniq_nessos
Lair:1:   layout_hall_layers, amcnicky_altar_lugonu_corruption
Lair:2:   layout_roguey, minmay_holes, nicolae_lair_lakeside_cave, uniq_fannar

Skill      XL: |  1  2  3  4  5  6  7  8  9 10 11 12 13 |
---------------+----------------------------------------+-----
Spellcasting   | 3 4 5 6 7 8 10 11 12 13 | 13.1
Fighting       | 4 7 9 11 13 14 | 14.3
Dodging        | |  2.1
Stealth        | |  1.5

Action                   |  1- 3 |  4- 6 |  7- 9 | 10-12 | 13-15 || total
-------------------------+-------+-------+-------+-------+-------++-------
Melee: Dagger            |       |   149 |       |       |       ||   149
       Punch             |       |     3 |       |       |       ||     3
 Cast: Foxfire           |    78 |    27 |   148 |   220 |    59 ||   532
       Scorch            |     2 |    20 |    83 |   187 |    84 ||   376
       Slow              |     1 |     1 |     2 |     2 |       ||     6
       Conjure Flame     |       |     2 |     9 |     5 |       ||    16
       Call Imp          |       |     4 |    10 |    14 |     4 ||    32
       Flame Wave        |       |       |     1 |     2 |       ||     3
       Mephitic Cloud    |       |       |     9 |    14 |     7 ||    30
       Fulminant Prism   |       |       |       |     8 |     2 ||    10
       Inner Flame       |       |       |       |    11 |     7 ||    18
       Vampiric Draining |       |       |       |     7 |     6 ||    13
       Yara's Violent Un |       |       |       |       |     1 ||     1
Invok: Curse Item        |       |       |     2 |     3 |       ||     5
  Use: Scroll            |     1 |     4 |     1 |       |     1 ||     7
       Potion            |       |     2 |       |       |       ||     2
Armor: Robe              |       |     5 |     7 |    11 |    16 ||    39
Dodge: Dodged            |     8 |    21 |    36 |    54 |    57 ||   176

Table legend: (Time is in decaauts)
 A = Elapsed time spent in this place.
 B = Non-inter-level travel time spent in this place.
 C = Inter-level travel time spent in this place.
 D = Time resting spent in this place.
 E = Time spent auto-exploring this place.
 F = Levels seen in this place.
 G = Mean time per level.
                   A        B        C        D        E       F      G
               +--------+--------+--------+--------+--------+-----+--------+
         Total |  19757 |  18959 |    798 |   4399 |  11920 |  16 | 1234.8 |
       Dungeon |  16861 |  16103 |    758 |   3429 |  10355 |  13 | 1297.0 |
          Lair |   2574 |   2535 |     39 |    970 |   1250 |   2 | 1287.0 |
        Bazaar |    320 |    320 |      0 |      0 |    315 |   1 |  320.0 |
               +--------+--------+--------+--------+--------+-----+--------+

Top non-repeatable levels by time:
    D:10: 1962 daAuts
     D:3: 1851 daAuts
     D:5: 1787 daAuts
  Lair:1: 1551 daAuts
     D:4: 1489 daAuts
    D:12: 1466 daAuts
     D:1: 1460 daAuts
     D:2: 1369 daAuts
     D:8: 1297 daAuts
     D:7: 1172 daAuts
    D:11: 1112 daAuts
  Lair:2: 1023 daAuts
     D:6: 977 daAuts
     D:9: 849 daAuts
  Bazaar: 320 daAuts
